AoeStats
← Juanfreelance

MegaRandom

509501713Analyzed
2v2 RM · 5d ago on Sep 27, 2026· 51m 30s· 4 players
Game mode
Random Map
Map size
Medium (4 player)
Population
200
Speed
Normal
Resources
Standard
Victory
Conquest
Starting age
Dark Age
Ending age
Imperial Age
RankedLock teamsTeams togetherTeam positionsShared explorationLock speedFull tech treeHidden civsTurbo modeCheats
Victory
Defeat
🇵🇹 Varangians · Portugal
1365
+15
🇬🇧 Danes · United Kingdom
1364
+16
🇻🇳 Varangians · Vietnam
1364
-16
🇵🇦 Persians · Panama
1344
-15
Juanfreelance
1:02 Loom
9:28 Feudal Age
14:11 Castle Age
15:11 Thumb Ring
20:00 Fletching
24:21 Parthian Tactics
24:24 Double-Bit Axe
26:07 Bodkin Arrow
26:23 Gold Mining
28:22 Bow Saw
27:53 Horse Collar
30:27 Wheelbarrow
31:37 Hand Cart
35:12 Town Watch
36:04 Gold Shaft Mining
35:47 Heavy Plow
36:42 Town Patrol
40:36 Imperial Age
40:26 Padded Archer Armor
41:29 Man-at-Arms
41:55 Gambesons
41:46 Pikeman
42:17 Arson
42:33 Squires
42:45 Forging
42:35 Scale Mail Armor
42:16 Long Swordsman
NPChinh
0:37 Loom
9:00 Feudal Age
9:39 Double-Bit Axe
11:17 Horse Collar
16:19 Bloodlines
18:38 Forging
18:33 Scale Barding Armor
22:07 Castle Age
23:23 Husbandry
23:23 Gold Mining
23:48 Scale Barding Armor
24:28 Stone Mining
25:36 Wheelbarrow
26:24 Iron Casting
26:10 Chain Barding Armor
25:37 Light Cavalry
28:00 Wheelbarrow
27:27 Town Watch
28:34 Stone Shaft Mining
32:55 Bow Saw
32:52 Heavy Plow
34:17 Hand Cart
35:48 Town Patrol
39:28 Imperial Age
39:35 Elite Jarl
41:41 Blast Furnace
42:28 Plate Barding Armor
43:34 Conscription
44:03 Vendel Legacy
45:03 Conscription
_n0ne_
0:29 Loom
10:34 Feudal Age
10:42 Feudal Age
14:12 Castle Age
12:27 Double-Bit Axe
15:41 Fletching
16:50 Horse Collar
25:24 Wheelbarrow
24:48 Bodkin Arrow
25:54 Scale Mail Armor
26:26 Bow Saw
27:21 Forging
28:23 Chain Mail Armor
30:24 Iron Casting
34:42 Town Watch
36:02 Hand Cart
39:36 Imperial Age
38:38 Gold Mining
40:02 Padded Archer Armor
40:19 Bracer
40:50 Plate Mail Armor
41:20 Blast Furnace
42:07 Elite Jomsviking
43:07 Conscription
44:01 Ballistics
43:22 Northmen's Fury
44:53 Gold Shaft Mining
44:47 Heavy Plow
45:43 Stone Mining
46:09 Leather Archer Armor
46:12 Murder Holes
47:18 Chemistry
46:23 Siege Engineers
46:29 Masonry
48:00 Ring Archer Armor
47:17 Arson
47:33 Squires
47:20 Gambesons
Vegeta
10:13 Feudal Age
8:29 Loom
10:37 Feudal Age
8:55 Loom
9:57 Loom
11:42 Double-Bit Axe
14:45 Castle Age
12:32 Horse Collar
15:41 Bow Saw
23:05 Wheelbarrow
22:26 Gold Mining
25:26 Hand Cart
26:41 Scale Mail Armor
26:51 Forging
27:39 Squires
27:26 Arson
27:27 Gambesons
29:24 Chain Mail Armor
29:44 Iron Casting
29:21 Heavy Plow
29:20 Stone Mining
30:04 Masonry
33:24 Imperial Age
32:28 Town Watch
33:18 Town Patrol
34:37 Plate Mail Armor
33:53 Capped Ram
34:05 Elite Varangian Guard
36:19 Blast Furnace
35:41 Conscription
34:51 Gothikon
36:45 Siege Engineers
36:57 Siege Ram
47:11 Spies/Treason
Connection lost

Rejoining the realm…

Still unreachable

The connection could not be restored.

Session expired

The server has moved on; the page needs a fresh start.